 Dungeon Crawl Stone Soup version 0.29-a0-88-g03a7b78be7 (webtiles) character file.

Game seed: 5328565301528903482

46 enile the Gusty (level 3, -9/20 HPs)
             Began as a Deep Elf Air Elementalist on Feb 6, 2022.
             Was a Follower of Dithmenos.
             Killed by nerve-wracking pain
             ... invoked by Grinder
              (10 damage)
             ... on level 2 of the Dungeon.
             The game lasted 00:01:42 (1855 turns).

enile the Gusty (Deep Elf Air Elementalist)         Turns: 1855, Time: 00:01:42

Health: -9/20      AC:  2    Str:  5    XL:     3   Next: 44%
Magic:  2/9        EV: 12    Int: 21    God:    Dithmenos [*.....]
Gold:   48         SH:  0    Dex: 15    Spells: 4/8 levels left

rFire   . . .      SeeInvis .   g - +0 short sword
rCold   . . .      Faith    .   (no shield)
rNeg    . . .      Spirit   .   a - +0 robe
rPois   .          Reflect  .   (no helmet)
rElec   .          Harm     .   (no cloak)
rCorr   .          Rampage  .   (no gloves)
Will    .....                   (no boots)
Stlth   ++........              (no amulet)
HPRegen 0.06/turn               (no ring)
MPRegen 0.11/turn               (no ring)

@: wreathed by umbra
A: no striking features
a: Renounce Religion


You were on level 2 of the Dungeon.
You worshipped Dithmenos.
Dithmenos was aware of your devotion.
You visited 1 branch of the dungeon, and saw 3 of its levels.

You collected 48 gold pieces.

Inventory:

Hand Weapons
 g - a +0 short sword (weapon)
Armour
 a - a +0 robe (worn)
Scrolls
 b - 2 scrolls of silence {unknown}
 f - a scroll of fog {unknown}
 h - a scroll of magic mapping {unknown}
Potions
 c - a potion of curing {unknown}
 d - a potion of brilliance {unknown}
 e - a potion of flight {unknown}


   Skills:
 + Level 0.9 Fighting
 - Level 2.4 Dodging
 - Level 2.4 Stealth
 - Level 3.0 Spellcasting
 - Level 2.0 Conjurations
 - Level 4.0 Air Magic


You had 4 spell levels left.
You knew the following spells:

 Your Spells              Type           Power      Damage    Failure   Level
a - Shock                 Conj/Air       60%        1d6       3%          1
b - Swiftness             Air            19%        N/A       8%          3

Your spell library contained the following spells:

 Spells                   Type           Power      Damage    Failure   Level
 Static Discharge         Conj/Air       15%        N/A       6%          2
 Airstrike                Air            9%         N/A       26%         4


Dungeon Overview and Level Annotations

Branches:
Dungeon (3/15)

Altars:
Dithmenos

Annotations:
D:2 Grinder


Message History

Aim: Grinder (heavily wounded, 68% to hit)
The zap hits Grinder.
Grinder is heavily wounded.
Grinder says, "Don't move a muscle."
Casting: Shock (safe; 3% risk of failure)
Confirm with . or Enter, or press ? or * to list all spells.
Aiming: Shock (safe; 3% risk of failure)
Press: ? - help, Shift-Dir - straight line, f/p - Grinder
Aim: Grinder (heavily wounded, 68% to hit)
The zap hits Grinder.
Grinder is severely wounded.
Grinder misses you.
You climb upwards.
There is a stone staircase leading down here.
Casting: Shock (safe; 3% risk of failure)
Confirm with . or Enter, or press ? or * to list all spells.
Aiming: Shock (safe; 3% risk of failure)
Press: ? - help, Shift-Dir - straight line, f - Grinder
Aim: Grinder (severely wounded, umbra, 68% to hit)
The zap misses Grinder.
Grinder closely misses you.
Casting: Shock (safe; 3% risk of failure)
Confirm with . or Enter, or press ? or * to list all spells.
Aiming: Shock (safe; 3% risk of failure)
Press: ? - help, Shift-Dir - straight line, f/p - Grinder
Aim: Grinder (severely wounded, umbra, 68% to hit)
The zap hits Grinder.
Grinder is severely wounded.
Grinder hits you.
Grinder blinks!
Grinder gestures at you.
You suddenly lose the ability to move!
Grinder hits you.
You writhe in agony.
You can move again.
Grinder gestures at you. Pain shoots through your body!
* * * LOW HITPOINT WARNING * * *
Grinder gestures at you. Pain shoots through your body!
Ouch! That really hurt!
You die...

##.......# ##.......#
.........# .........#
#........## .........)###
#.<.........#####
#.##....###.....####
#.##.##..######.@..##
..##.###.## ####5.####
####.#....# ##.......##
####.#....# ##.......(.##
..........# #......>....#
####.#....####...........#
#.#######.............#
##.###.....##.........##
#......#######...#...##


You could see Grinder.

Vanquished Creatures
  2 worms (D:2)
  3 dart slugs
  3 ball pythons (D:1)
  An endoplasm (D:2)
  A giant cockroach (D:2)
  A goblin (D:1)
  2 hobgoblins
  7 jackals
  2 quokkas (D:1)
  3 bats (D:2)
  3 frilled lizards (D:2)
  A kobold (D:2)
  2 rats
31 creatures vanquished.

Notes
Turn   | Place    | Note
-------+----------+-------------------------------------------
     0 | D:1      | enile the Deep Elf Air Elementalist began the quest for the
                  | Orb.
     0 | D:1      | Reached XP level 1. HP: 10/10 MP: 6/6
   306 | D:1      | Reached XP level 2. HP: 15/15 MP: 5/8
   790 | D:1      | Found a faded altar of an unknown god.
   992 | D:1      | Prayed at the altar of an unknown god.
   992 | D:1      | Became a worshipper of Dithmenos the Shadowed
   992 | D:1      | Reached * piety under Dithmenos
  1012 | D:2      | Reached skill level 4 in Air Magic
  1231 | D:2      | Reached XP level 3. HP: 18/19 MP: 3/9
  1820 | D:3      | Noticed Grinder
  1834 | D:3      | Learned a level 3 spell: Swiftness
  1834 | D:3      | Paralysed by Grinder for 2 turns
  1848 | D:2      | Paralysed by Grinder for 6 turns
  1854 | D:2      | HP: 1/20 [Grinder/nerve-wracking pain (6)]
  1855 | D:2      | Killed from afar by Grinder

Illustrated notes

Levels and vault maps discovered:
D:1:      scummos_arrival_gate, layout_basic, nicolae_ecumenical_lake_church
D:2:      layout_rooms
D:3:      layout_rooms, elyvilon_altar_4, nzn_wu_jian_contemplation,
          amcnicky_altar_gilded, skrybe_limestone_x,
          kennysheep_cross_bottleneck, uniq_grinder, uniq_crazy_yiuf_cottage,
          uniq_ijyb, uniq_natasha

Skill      XL: |  1  2  3 |
---------------+----------+-----
Air Magic      | 4 |  4.0
Conjurations   | 2 |  2.0
Fighting       | |  0.9
Dodging        | |  2.4
Stealth        | |  2.4
Spellcasting   | |  3.0

Action                   || total
-------------------------++-------
Melee: Unarmed           ||     4
 Cast: Shock             ||    85
Armor: Robe              ||     1
Dodge: Dodged            ||    15

Table legend: (Time is in decaauts)
 A = Elapsed time spent in this place.
 B = Non-inter-level travel time spent in this place.
 C = Inter-level travel time spent in this place.
 D = Time resting spent in this place.
 E = Time spent auto-exploring this place.
 F = Levels seen in this place.
 G = Mean time per level.
                   A        B        C        D        E       F      G
               +--------+--------+--------+--------+--------+-----+--------+
         Total |   1855 |   1815 |     40 |      0 |   1628 |   3 |  618.3 |
       Dungeon |   1855 |   1815 |     40 |      0 |   1628 |   3 |  618.3 |
               +--------+--------+--------+--------+--------+-----+--------+

Top non-repeatable levels by time:
     D:1: 1008 daAuts
     D:2: 815 daAuts
     D:3: 31 daAuts
